 Dungeon Crawl Stone Soup version 0.32-a0-921-g04a7ad8e02 (webtiles) character file.

Game seed: 7432311786737247907

345 cfcfcfcfcf the Chopper (level 6, -8/53 HPs)
             Began as a Mountain Dwarf Fighter on Apr 12, 2024.
             Was a Priest of Beogh.
             Mangled by Koronagh the orc apostle
             ... wielding a +2 morningstar of holy wrath
              (12 damage)
             ... on level 4 of the Dungeon.
             The game lasted 00:05:18 (3168 turns).

cfcfcfcfcf the Chopper (Mountain Dwarf Fighter)     Turns: 3168, Time: 00:05:19

Health: -8/53      AC:  9    Str: 21    XL:     6   Next: 32%
Magic:  7/7        EV:  7    Int:  8    God:    Beogh [***...]
Gold:   324        SH:  8    Dex:  9    Spells: 3/5 levels left

rFire   . . .        a - +0 war axe
rCold   . . .        q - +0 kite shield
rNeg    . . .        b - +0 scale mail
rPois   .            (no helmet)
rElec   .            c - +0 cloak
rCorr   .            r - +0 pair of gloves
SInv    .            (no boots)
Will    .....        j - amulet of magic regeneration Stlth
                     (no ring)
HPRegen 0.28/turn    (no ring)
MPRegen 0.50/turn

%: no passive effects
@: mighty
A: runic magic, artefact enchanting
a: Renounce Religion, Smiting


You were on level 4 of the Dungeon.
You worshipped Beogh.
Beogh was most pleased with you.
You visited 2 branches of the dungeon, and saw 6 of its levels.

You collected 324 gold pieces.

Inventory:

Hand Weapons
 a - a +0 war axe (weapon)
Armour
 b - a +0 scale mail (worn)
 c - a +0 cloak (worn)
 q - a +0 kite shield (worn)
 r - a +0 pair of gloves (worn)
Jewellery
 j - an amulet of magic regeneration (around neck)
Scrolls
 f - a scroll of noise {unknown}
 g - 10 scrolls of identify {unknown}
 i - a scroll of fear {unknown}
 l - a scroll of amnesia {unknown}
 m - a scroll of poison {unknown}
 n - 2 scrolls of vulnerability {unknown}
 p - 2 scrolls of enchant weapon {unknown}
Potions
 e - a potion of attraction {unknown}
 h - a potion of enlightenment {unknown}
 k - 3 potions of curing {unknown}
 o - 2 potions of degeneration {unknown}


   Skills:
 + Level 4.4 Fighting
 * Level 5.2 Axes
 + Level 4.4 Armour
 + Level 4.4 Shields
 + Level 2.1 Invocations


You had 3 spell levels left.
You knew the following spells:

 Your Spells              Type           Power      Damage    Failure   Level
a - Blink                 Tloc           0%         N/A       88%         2

Your spell library contained the following spells:

 Spells                   Type           Power      Damage    Failure   Level
 Freeze                   Ice            0%         1d3       77%         1
 Magic Dart               Conj           0%         1d3       77%         1
 Summon Small Mammal      Summ           0%         N/A       77%         1
 Call Imp                 Summ           0%         N/A       88%         2
 Call Canine Familiar     Summ           0%         N/A       98%         3
 Frozen Ramparts          Ice            0%         1d1       98%         3
 Hailstorm                Conj/Ice       0%         3d5       98%         3
 Summon Ice Beast         Ice/Summ       0%         N/A       98%         3
 Summon Blazeheart Golem  Fire/Summ      0%         N/A       100%        4
 Permafrost Eruption      Ice/Erth       0%         2x4d1     100%        6
 Sculpt Simulacrum        Ice/Alch       0%         N/A       100%        6


Dungeon Overview and Level Annotations

Branches:
Dungeon (5/15)             Temple (1/1) D:4

Altars:
Ashenzari
Cheibriados
Elyvilon
Fedhas
Gozag
Hepliaklqana
Kikubaaqudgha
Okawaru
Qazlal
Ru
Trog
Uskayaw
Vehumet
Wu Jian
Xom
Beogh


Innate Abilities, Weirdness & Mutations

Your facial features look somewhat orcish.
Your spellcasting is much less encumbered by armour.
You can use scrolls of enchantment on lesser artefacts.


Message History

You hit Koronagh but do no damage.
Koronagh is heavily wounded.
The cerulean imp hits you from afar with a +1 spear.
You block Koronagh's attack.
The cerulean imp hits you but does no damage. x2
Press: ? - help, v - describe, . - travel
Here: Koronagh the orc apostle, wielding a +2 morningstar of holy wrath and wearing a +4 ring mail (heavily wounded, empowered by the touch of Beogh)
The floor, spattered with blood.
You barely miss Koronagh.
Koronagh is heavily wounded.
You block Koronagh's attack.
The cerulean imp hits you but does no damage.
You block the cerulean imp's attack. You block Koronagh's attack.
You closely miss Koronagh.
Koronagh is heavily wounded.
The cerulean imp hits you from afar with a +1 spear.
The cerulean imp closely misses you.
Koronagh invokes the aid of Beogh against you.
Beogh smites you!
* * * LOW HITPOINT WARNING * * *
You closely miss Koronagh.
Koronagh is heavily wounded.
The cerulean imp disappears in a puff of smoke!
The cerulean imp hits you but does no damage.
Koronagh mumbles some strange prayers to Beogh.
You block the cerulean imp's attack.
You closely miss Koronagh.
Koronagh is heavily wounded.
You block Koronagh's attack. You block the cerulean imp's attack.
You block Koronagh's attack.
You closely miss Koronagh.
Koronagh is heavily wounded.
The cerulean imp hits you but does no damage. x2
Koronagh closely misses you. The cerulean imp closely misses you.
The cerulean imp hits you but does no damage.
You closely miss Koronagh.
Koronagh is moderately wounded.
Koronagh hits you with a +2 morningstar of holy wrath!
You die...
Beogh appreciates Koronagh's killing of a heretic priest.

.... #.........## #....
..## ##..#####..###.#
#..### +### ..# ##.#.....#
...#### ...# .
+....#..###........ ...#
#. #....#.............
...##.§
##....'....#........
...#§§.
#..55.#....#........
....§§.
§§.#o####..###...####
.......
§...#@####..###...###.
.....§
........#...............
...#§§
.§.§..#...#...............
...# §..
#...#..†............ ...#
.§ ###...<.)....##.##..
...#
§####..####♣~~~~.#####..
.#.# ........#
#.~~~~..'.....
##.#######.......#
#P.~~.P.#.....
#........#.......#
#..~~.♣.#.....


You could see Koronagh the orc apostle (divinely empowered) and 2 cerulean imps.

Vanquished Creatures
  A phantom (D:5)
  A hound (D:4)
  7 gnolls
  6 adders
  A shadow imp (D:4)
  A white imp (D:4)
  2 ufetubi (D:4)
  3 dart slugs
  2 ribbon worms (D:2)
  10 bats
  4 endoplasms
  A giant cockroach (D:3)
  10 goblins
  12 hobgoblins
  8 kobolds
  4 quokkas
  7 ball pythons
  3 frilled lizards
  5 rats
88 creatures vanquished.

Notes
Turn   | Place    | Note
-------+----------+-------------------------------------------
     0 | D:1      | cfcfcfcfcf the Mountain Dwarf Fighter began the quest for
                  | the Orb.
     0 | D:1      | Reached XP level 1. HP: 19/19 MP: 1/1
   222 | D:1      | Reached XP level 2. HP: 25/26 MP: 2/2
   227 | D:1      | Noticed a glass eye
   238 | D:1      | Reached skill level 3 in Axes
   238 | D:1      | Found a faded altar of an unknown god.
   240 | D:1      | Noticed a golden eye
   241 | D:1      | Noticed an eye of devastation
   241 | D:1      | Noticed an eye of devastation
   256 | D:1      | Prayed at the altar of an unknown god.
   256 | D:1      | Became a worshipper of Beogh the Shepherd
   256 | D:1      | Reached * piety under Beogh
   843 | D:2      | Reached XP level 3. HP: 28/31 MP: 3/3
  1127 | D:2      | Reached ** piety under Beogh
  1390 | D:3      | Reached XP level 4. HP: 40/40 MP: 4/4
  1403 | D:3      | Reached skill level 4 in Axes
  1418 | D:3      | Reached skill level 4 in Shields
  1418 | D:3      | HP: 2/40 [dart slug/slug dart (2)]
  1613 | D:3      | Reached skill level 4 in Fighting
  1613 | D:3      | Reached skill level 4 in Armour
  1653 | D:3      | You fall into a shaft and drop 2 floors!
  1653 | D:5      | Entered Level 5 of the Dungeon
  1683 | D:5      | Reached XP level 5. HP: 46/46 MP: 5/5
  1798 | D:5      | Reached skill level 1 in Invocations
  1875 | D:5      | Noticed a phantom
  1885 | D:5      | Killed a phantom
  1989 | D:4      | Reached skill level 5 in Axes
  1989 | D:4      | Reached XP level 6. HP: 45/53 MP: 7/7
  2698 | D:3      | Learned a level 2 spell: Blink
  2971 | D:4      | Reached skill level 2 in Invocations
  3032 | D:4      | Found a staircase to the Ecumenical Temple.
  3090 | Temple   | Entered the Ecumenical Temple
  3125 | D:4      | Reached *** piety under Beogh
  3150 | D:4      | Noticed Koronagh
  3164 | D:4      | HP: 2/53 [Koronagh the orc apostle/divine providence (9)]
  3168 | D:4      | Mangled by Koronagh the orc apostle

Illustrated notes

Levels and vault maps discovered:
D:1:      dpeg_arrival_circle_labyrinth_c, layout_basic,
          hellmonk_ecumenical_altar_watching_god, minmay_heptomino_h4
D:2:      cheibrodos_greedy_goblins, layout_basic
D:3:      layout_basic
D:4:      layout_gridville, nicolae_dithmenos_the_darkroom,
          nemelex_dance_club_becter, minmay_temple_entry_crystal_x,
          serial_demonic, serial_demonic_f, serial_demonic_c, serial_demonic_a,
          serial_demonic_g, st_stairs_4
D:5:      layout_loops_ring
Temple:   hellmonk_temple_of_storms

Skill      XL: |  1  2  3  4  5  6 |
---------------+-------------------+-----
Axes           | 3 4 5 |  5.2
Shields        | 4 |  4.4
Fighting       | 4 |  4.4
Armour         | 4 |  4.4
Invocations    | 1 2 |  2.1

Action                     |  1- 3 |  4- 6 || total
---------------------------+-------+-------++-------
  Melee: War axe           |   129 |   157 ||   286
 Invoke: Smiting           |       |     1 ||     1
    Use: Potion            |       |     2 ||     2
 Armour: Scale mail        |   111 |   120 ||   231
  Dodge: Dodged            |    58 |    72 ||   130
  Block: Buckler           |    30 |     9 ||    39
         Kite shield       |       |    67 ||    67

Table legend: (Time is in decaauts)
 A = Elapsed time spent in this place.
 B = Non-inter-level travel time spent in this place.
 C = Inter-level travel time spent in this place.
 D = Time resting spent in this place.
 E = Time spent auto-exploring this place.
 F = Levels seen in this place.
 G = Mean time per level.
                   A        B        C        D        E       F      G
               +--------+--------+--------+--------+--------+-----+--------+
         Total |   3274 |   3050 |    224 |    274 |   2089 |   6 |  545.7 |
       Dungeon |   3272 |   3049 |    223 |    274 |   2089 |   5 |  654.4 |
        Temple |      1 |      1 |      0 |      0 |      0 |   1 |    1.0 |
               +--------+--------+--------+--------+--------+-----+--------+

Top non-repeatable levels by time:
     D:3: 1168 daAuts
     D:1: 863 daAuts
     D:2: 548 daAuts
     D:4: 441 daAuts
     D:5: 249 daAuts
  Temple: 1 daAuts
